 Dungeon Crawl Stone Soup version 0.25-a0-178-gc9f82b1288 (webtiles) character file.

Game seed: 11435354311848252666, levelgen mode: deterministic

34 night the Ruffian (level 3, 0/35 HPs)
             Began as a Troll Transmuter on Nov 26, 2019.
             Slain by Grinder (5 damage)
             ... on level 3 of the Dungeon.
             The game lasted 00:00:58 (260 turns).

night the Ruffian (Troll Transmuter)                 Turns: 260, Time: 00:00:59

Health: 0/35       AC:  6    Str: 18    XL:     3   Next: 14%
Magic:  3/3        EV: 10    Int: 10    God:
Gold:   17         SH:  0    Dex: 10    Spells: 3/4 levels left

rFire    . . .     SeeInvis .     - Unarmed
rCold    . . .     Gourm    +   (no shield)
rNeg     . . .     Faith    .   b - +0 robe
rPois    .         Spirit   .   (helmet restricted)
rElec    .         Reflect  .   (no cloak)
rCorr    .         Harm     .   (gloves unavailable)
MR       .....                  (boots unavailable)
Stlth    +.........             (no amulet)
HPRegen  0.51/turn              (no ring)
MPRegen  0.08/turn              (no ring)

@: no status effects
A: large, unfitting armour, claws 3, fast metabolism 3, gourmand, regeneration
1, shaggy fur 1, tough skin 3
a: no special abilities


You were on level 3 of the Dungeon.
You were completely stuffed.

You visited 1 branch of the dungeon, and saw 3 of its levels.

You collected 17 gold pieces.

Inventory:

Missiles
 a - 43 arrows
Armour
 b - a +0 robe (worn)
Scrolls
 c - a scroll of magic mapping {unknown}
 e - a scroll of teleportation {unknown}
 f - a scroll of fog {unknown}
Comestibles
 d - 2 rations


   Skills:
 + Level 1.8 Fighting
 - Level 1.5 Dodging
 + Level 3.7 Unarmed Combat
 - Level 1.2 Spellcasting
 - Level 1.3 Transmutations


You had 3 spell levels left.
You knew the following spells:

 Your Spells              Type           Power        Failure   Level  Hunger
a - Beastly Appendage     Tmut           #.....       19%         1    ##.....

Your spell library contained the following spells:

 Spells                   Type           Power        Failure   Level  Hunger
 Sticks to Snakes         Tmut           #.......     28%         2    ###....
 Spider Form              Tmut/Pois      #.........   58%         3    ####...
 Ice Form                 Ice/Tmut       #.......     94%         4    #####..
 Blade Hands              Tmut           #.........   99%         5    ######.


Dungeon Overview and Level Annotations

Branches:
Dungeon (3/15)

Altars:
Hepliaklqana
Makhleb

Annotations:
D:3 Grinder


Innate Abilities, Weirdness & Mutations

You are too large for most types of armour.
You have claws for hands.
Your metabolism is lightning-fast.
You like to eat raw meat.
Your natural rate of healing is unusually fast.
You are covered in fur. (AC +1)
You have extremely tough skin. (AC +3)


Message History

Grinder is nearby!
Grinder hits you.
You writhe in agony.
You claw Grinder!
Grinder is moderately wounded.
You scratch Grinder but do no damage.
Grinder is moderately wounded.
Grinder misses you.
You claw Grinder!
Grinder is heavily wounded.
Grinder hits you!
You writhe in agony.
* * * LOW HITPOINT WARNING * * *
You barely miss Grinder.
Grinder is heavily wounded.
Grinder says, "FISH!"
Grinder hits you.
* * * LOW HITPOINT WARNING * * *
You claw Grinder!
Grinder is severely wounded.
Grinder hits you.
You die...

# . ### .#.. ..
##.. ....#
8..##.$.####.....#
.........?@5.....#
..........##.....#
.........# .....
.........##...>..
###.........[..#
#....###^.....
#....# ....#
#.<..# ##. ######


You could see Grinder.

Vanquished Creatures
  Terence (D:2)
  3 leopard geckos
  2 hobgoblins
  A quokka (D:2)
  A bat (D:2)
  A kobold (D:2)
9 creatures vanquished.

Notes
Turn   | Place    | Note
-------+----------+-------------------------------------------
     0 | D:1      | night the Troll Transmuter began the quest for the Orb.
     0 | D:1      | Reached XP level 1. HP: 18/18 MP: 1/1
    24 | D:1      | Reached skill level 1 in Fighting
    97 | D:1      | You fall into a shaft and drop 1 floor!
   113 | D:2      | Found a burning altar of Makhleb.
   114 | D:2      | Found a hazy altar of Hepliaklqana.
   145 | D:2      | Noticed Terence
   162 | D:2      | Killed Terence
   162 | D:2      | Reached XP level 2. HP: 19/28 MP: 2/2
   162 | D:2      | Reached XP level 3. HP: 23/35 MP: 3/3
   254 | D:3      | Noticed Grinder
   260 | D:3      | Slain by Grinder

Levels and vault maps discovered:
D:1:      elethiomel_arrival_quiet, layout_basic
D:2:      layout_loops_corners, gammafunk_temple_overflow_statue, uniq_terence,
          uniq_crazy_yiuf_cottage
D:3:      layout_rooms, nicolae_qazlal_style_of_elements, fedhas_altar_1,
          chequers_ecumenical_altar_simple_redux, uniq_grinder

Skill      XL: |  1 |
---------------+----+-----
Fighting       | 1 |  1.8
Dodging        | |  1.5
Unarmed Combat | |  3.7
Spellcasting   | |  1.2
Transmutations | |  1.3

Action                   || total
-------------------------++-------
Melee: Unarmed           ||    37
  Eat: Chunk             ||     8
Armor: Robe              ||     8
Dodge: Dodged            ||    13

Table legend:
 A = Non-vault XP
 B = Vault XP
 C = Vault XP percentage of total XP
 D = Non-vault monster count
 E = Vault monster count
 F = Vault count percentage of total count
                 A         B        C        D         E       F
            +---------+---------+-------+---------+---------+-------
      Total |      17 |      32 |  65.3 |       8 |       1 |  11.1
            +---------+---------+-------+---------+---------+-------
        D:1 |       8 |       0 |   0.0 |       3 |       0 |   0.0
        D:2 |       9 |      32 |  78.0 |       5 |       1 |  16.7
            +---------+---------+-------+---------+---------+-------
